 Dungeon Crawl Stone Soup version 0.19.0-1-g5985abe (webtiles) character file.

116 varam the Cudgeler (level 5, 29/32 HPs)
             Began as a Gargoyle Fighter on Nov 2, 2016.
             Quit the game on level 3 of the Dungeon.
             The game lasted 00:02:26 (1565 turns).

varam the Cudgeler (Gargoyle Fighter)               Turns: 1565, Time: 00:02:27

Health: 29/32      AC: 10    Str: 20    XL:     5   Next: 0%
Magic:  5/5        EV:  7    Int:  8    God:
Gold:   165        SH:  9    Dex: 10    Spells: 0 memorised, 4 levels left

rFire  . . .     SeeInvis .     a - +0 flail
rCold  . . .     Gourm    .     b - +0 scale mail
rNeg   + . .     Faith    .     c - +0 shield
rPois  ∞         Spirit   .     (no helmet)
rElec  +         Reflect  .     (no cloak)
rCorr  .         Harm     .     (no gloves)
MR     .....                    (no boots)
Stlth  ..........               (no amulet)
                                (no ring)
                                (no ring)

@: no status effects
A: negative energy resistance 1, electricity resistance, unbreathing,
petrification resistance, rot immunity, AC +4
a: no special abilities


You were on level 3 of the Dungeon.
You were not hungry.

You visited 1 branch of the dungeon, and saw 3 of its levels.

You collected 165 gold pieces.

Inventory:

Hand Weapons
 a - a +0 flail (weapon)
Armour
 b - a +0 scale mail (worn)
 c - a +0 shield (worn)
Scrolls
 h - 3 scrolls of magic mapping {unknown}
 i - a scroll of fog {unknown}
 k - 2 scrolls of remove curse {unknown}
 l - a scroll of noise {unknown}
 m - a scroll of identify {unknown}
 q - 2 scrolls of teleportation {unknown}
 u - a scroll of fear {unknown}
Potions
 d - 2 potions of might
 e - a potion of ambrosia {unknown}
 j - a potion of agility {unknown}
 o - 2 potions of invisibility {unknown}
 p - a potion of degeneration {unknown}
 r - a potion of resistance {unknown}
 s - a potion of mutation {unknown}
 t - a potion of berserk rage {unknown}
 v - a potion of curing {unknown}
Comestibles
 f - a bread ration
 g - a meat ration
 n - 13 chunks of flesh


   Skills:
 - Level 3.2 Fighting
 + Level 5.0 Maces & Flails
 - Level 3.2 Armour
 - Level 3.2 Shields


You had 4 spell levels left.
You didn't know any spells.

Dungeon Overview and Level Annotations

Branches:
Dungeon (3/15)

Altars:
Ashenzari
Dithmenos
Ru


Innate Abilities, Weirdness & Mutations

You are resistant to torment.
Your stone body is resilient. (AC +4)
You are immune to poison.
You resist negative energy. (rN+)
You are resistant to electric shocks. (rElec)
You can survive without breathing.
You are immune to petrification.
You are immune to rotting.


Message History

You closely miss the gnoll.
The gnoll is almost dead.
The gnoll hits you with a whip. You block the gnoll's attack.
You hit the gnoll.
You kill the gnoll!
Your Maces & Flails skill increases to level 5!
You have reached level 5!
Items here: )) †† a whip; a spear; a gnoll corpse x2
Butcher a gnoll corpse? [(y)es/(c)hoosy/(n)o/(a)ll/(e)dible/(q)uit/?]
Butcher a gnoll corpse? [(y)es/(c)hoosy/(n)o/(a)ll/(e)dible/(q)uit/?]
You butcher the gnoll corpse. x2
n - 9 chunks of flesh (gained 3);
n - 13 chunks of flesh (gained 4)
Things that are here:
a whip; a spear There isn't anything to butcher here.
Unknown command.
The gnoll shouts!
The gnoll is too close now for your liking.
Are you sure you want to abandon this character and quit the game? (Confirm with "yes".)

#####.# #...g.#
#.##### #.# #g# #.#
#.#
#.#################
#.@)...............
###################


You could see a gnoll.

Vanquished Creatures
  A crimson imp (D:3)
  2 gnolls (D:3)
  2 adders (D:2)
  A worm (D:3)
  2 dart slugs (D:1)
  A ball python (D:3)
  5 giant cockroaches
  3 hobgoblins
  3 jackals (D:3)
  A quokka (D:2)
  2 bats (D:2)
  2 frilled lizards
  4 goblins
  5 kobolds
  3 rats
37 creatures vanquished.

Notes
Turn   | Place    | Note
-------+----------+-------------------------------------------
     0 | D:1      | varam the Gargoyle Fighter began the quest for the Orb.
     0 | D:1      | Reached XP level 1. HP: 14/14 MP: 1/1
   230 | D:1      | Reached XP level 2. HP: 19/19 MP: 2/2
   657 | D:1      | Reached skill level 3 in Maces & Flails
   774 | D:2      | Reached XP level 3. HP: 22/23 MP: 3/3
   858 | D:2      | Found a shadowy altar of Dithmenos.
   862 | D:2      | Found a sacrificial altar of Ru.
  1271 | D:2      | Reached skill level 4 in Maces & Flails
  1286 | D:2      | Found a shattered altar of Ashenzari.
  1431 | D:3      | Reached XP level 4. HP: 27/28 MP: 4/4
  1559 | D:3      | Reached skill level 5 in Maces & Flails
  1559 | D:3      | Reached XP level 5. HP: 29/32 MP: 5/5
  1565 | D:3      | Quit the game

Skill      XL: |  1  2  3  4 |
---------------+-------------+-----
Maces & Flails | 3 4 5 |  5.0
Fighting       | |  3.2
Armour         | |  3.2
Shields        | |  3.2

Action                   |  1- 3 |  4- 6 || total
-------------------------+-------+-------++-------
Melee: Flail             |   124 |    28 ||   152
  Eat: Chunk             |     2 |       ||     2
Armor: Scale mail        |    56 |    24 ||    80
Dodge: Dodged            |    41 |    17 ||    58
Block: Shield            |    64 |    32 ||    96
